 Dungeon Crawl Stone Soup version 0.26-a0-20-g5f92b90 (webtiles) character file.

Game seed: 9132607472640017926, levelgen mode: deterministic

745 MrTaco21 the Basher (level 7, 0/41 HPs)
             Began as a Gargoyle Fighter on May 25, 2020.
             Slain by a wyvern zombie (5 damage)
             ... in an ossuary.
             The game lasted 00:05:39 (3821 turns).

MrTaco21 the Basher (Gargoyle Fighter)              Turns: 3821, Time: 00:05:40

Health: 0/41       AC: 22    Str: 22    XL:     7   Next: 76%
Magic:  7/7        EV:  5    Int:  8    God:
Gold:   185        SH:  9    Dex:  9    Spells: 6/6 levels left

rFire    . . .     SeeInvis .   l - +2 mace (protect)
rCold    . . .     Gourm    .   c - +0 kite shield
rNeg     + . .     Faith    .   r - +0 chain mail
rPois    ∞         Spirit   .   (no helmet)
rElec    +         Reflect  .   (no cloak)
rCorr    .         Harm     .   o - +0 pair of gloves
MR       .....                  (no boots)
Stlth    ..........             (no amulet)
HPRegen  0.13/turn              j - ring of stealth (curse)
MPRegen  0.10/turn              w - ring of flight

@: protection aura
A: negative energy resistance 1, electricity resistance, unbreathing,
petrification resistance, rot immunity, AC +4
a: Evoke Flight


You were in an ossuary.
You were very hungry.

You visited 1 branch of the dungeon, and saw 5 of its levels.
You also visited: Ossuary.

You collected 185 gold pieces.

Inventory:

Hand Weapons
 l - a +2 mace of protection (weapon)
   (You found it on level 2 of the Dungeon)
Missiles
 a - 25 poisoned darts (quivered)
Armour
 c - a +0 kite shield (worn)
 o - a +0 pair of gloves (worn)
   (You found it on level 3 of the Dungeon)
 r - a +0 chain mail (worn)
   (You took it off an orc on level 3 of the Dungeon)
Jewellery
 j - a cursed ring of stealth (left hand)
   (You found it on level 1 of the Dungeon)
 w - a ring of flight (right hand)
   (You found it on level 4 of the Dungeon)
Wands
 v - a wand of digging (4)
   (You found it on level 3 of the Dungeon)
Scrolls
 f - a scroll of teleportation {unknown}
 g - 2 scrolls of enchant armour {unknown}
 h - 6 scrolls of remove curse {unknown}
 i - 4 scrolls of identify {unknown}
 k - 4 scrolls of magic mapping {unknown}
 m - a scroll of amnesia {unknown}
 n - 2 scrolls of immolation {unknown}
Potions
 b - a potion of heal wounds {unknown}
 d - 2 potions of might
 q - a potion of magic {unknown}
 t - 2 potions of degeneration {unknown}
 u - a potion of curing {unknown}
 x - a potion of resistance {unknown}
Comestibles
 e - 6 rations {!d}


   Skills:
 - Level 3.2 Fighting
 + Level 8.6 Maces & Flails
 - Level 3.2 Armour
 - Level 3.2 Shields


You had 6 spell levels left.
You didn't know any spells.
Your spell library was empty.

Dungeon Overview and Level Annotations

Branches:
Dungeon (5/15)            Ossuary (1/1)
 Temple: D:4-7

Altars:


Innate Abilities, Weirdness & Mutations

You are resistant to torment.
Your stone body is resilient. (AC +4)
You are immune to poison.
You resist negative energy. (rN+)
You are resistant to electric shocks. (rElec)
You can survive without breathing.
You are immune to petrification.
You are immune to rotting.


Message History

You miss the killer bee zombie.
You block the killer bee zombie's attack.
The wyvern zombie bites you but does no damage.
You block the killer bee zombie's attack.
Unknown command.
You hit the killer bee zombie.
The killer bee zombie hits you but does no damage.
The wyvern zombie bites you but does no damage.
The killer bee zombie hits you but does no damage.
Unknown command.
You sock the killer bee zombie!
The wyvern zombie bites you but does no damage.
The killer bee zombie hits you but does no damage.
The wyvern zombie bites you but does no damage.
Unknown command.
You hit the killer bee zombie.
You destroy the killer bee zombie!
The wyvern zombie bites you.
* * * LOW HITPOINT WARNING * * *
There is an open door here.
You hit the wyvern zombie but do no damage.
The wyvern zombie bites you but does no damage.
You block the wyvern zombie's attack.
Unknown command.
Unknown command.
You hit the wyvern zombie. The wyvern zombie barely misses you.
Unknown command.
You hit the wyvern zombie.
The wyvern zombie bites you but does no damage.
You sock the wyvern zombie! You block the wyvern zombie's attack.
The wyvern zombie bites you but does no damage.
Unknown command.
You completely miss the wyvern zombie.
The wyvern zombie bites you but does no damage.
Unknown command.
You hit the wyvern zombie.
The wyvern zombie bites you but does no damage.
Unknown command.
Unknown command.
You hit the wyvern zombie.
The wyvern zombie bites you but does no damage.
You block the wyvern zombie's attack.
Your shield and chain mail prevent you from hitting the wyvern zombie.
You block the wyvern zombie's attack.
Unknown command.
You barely miss the wyvern zombie. You block the wyvern zombie's attack.
You hear a splashing noise.
Unknown command.
You thump the wyvern zombie! The wyvern zombie bites you.
You die...

#.# #.+
+.# #.+
###.###
#.'.'.#
#####.###
#∩..#Z'.#
#.∩.@.###
#...#.'.#
#####.###
≈.+ #+#


You could see a wyvern zombie.

Vanquished Creatures
  Sigmund (D:4)
  A wyvern zombie (Ossuary)
  A bullfrog zombie (Ossuary)
  2 hounds (D:4)
  3 orc priests (D:3)
  5 worker ants
  A killer bee zombie (Ossuary)
  A hound zombie (Ossuary)
  2 mummies (Ossuary)
  7 adders
  An ooze (D:4)
  An adder zombie (Ossuary)
  An adder skeleton (D:4)
  2 worms
  2 dart slugs (D:2)
  4 leopard geckos
  14 orcs
  3 bats
  3 giant cockroaches
  2 goblins
  9 hobgoblins
  2 jackals (D:2)
  A ball python (D:1)
  5 frilled lizards
  A jackal zombie (Ossuary)
  7 kobolds
  7 rats
89 creatures vanquished.

Vanquished Creatures (others)
  An adder (D:3)
  A leopard gecko (D:3)
  3 withered plants (Ossuary)
5 creatures vanquished.

Grand Total: 94 creatures vanquished

Notes
Turn   | Place    | Note
-------+----------+-------------------------------------------
     0 | D:1      | MrTaco21 the Gargoyle Fighter began the quest for the Orb.
     0 | D:1      | Reached XP level 1. HP: 14/14 MP: 1/1
   252 | D:1      | Reached XP level 2. HP: 14/19 MP: 2/2
   462 | D:1      | Reached skill level 3 in Maces & Flails
   714 | D:2      | Reached XP level 3. HP: 21/23 MP: 3/3
   965 | D:2      | Reached skill level 4 in Maces & Flails
  1235 | D:2      | Reached XP level 4. HP: 28/28 MP: 4/4
  2058 | D:3      | Reached skill level 5 in Maces & Flails
  2058 | D:3      | Reached XP level 5. HP: 18/32 MP: 5/5
  2832 | D:4      | Reached skill level 6 in Maces & Flails
  2832 | D:4      | Reached XP level 6. HP: 37/37 MP: 6/6
  2947 | D:4      | Noticed Sigmund
  3209 | D:4      | Reached skill level 7 in Maces & Flails
  3339 | D:4      | Killed Sigmund
  3339 | D:4      | Reached XP level 7. HP: 41/41 MP: 7/7
  3498 | D:5      | Entered Level 5 of the Dungeon
  3674 | D:5      | Reached skill level 8 in Maces & Flails
  3729 | D:5      | Found a sand-covered staircase.
  3741 | Ossuary  | Entered an ossuary
  3821 | Ossuary  | Slain by a wyvern zombie

Illustrated notes

Levels and vault maps discovered:
D:1:      lightli_iron_boxes, layout_basic, minmay_misc_feat_hallway
D:2:      layout_basic
D:3:      layout_basic, lemuel_old_faithful
D:4:      layout_rooms, first_ration, uniq_sigmund
D:5:      layout_loops_corners, lemuel_crystal_altar,
          amethyst_overflow_temple_binary, serial_undead, serial_undead_b,
          serial_undead_f, serial_undead_d, serial_undead_a, enter_ossuary_3
Ossuary:  ossuary_zaba_flooded

Skill      XL: |  1  2  3  4  5  6  7 |
---------------+----------------------+-----
Maces & Flails | 3 4 5 6 7 8 |  8.6
Fighting       | |  3.2
Armour         | |  3.2
Shields        | |  3.2

Action                   |  1- 3 |  4- 6 |  7- 9 || total
-------------------------+-------+-------+-------++-------
Melee: Flail             |    91 |       |       ||    91
       Mace              |    43 |   213 |   102 ||   358
  Eat: Chunk             |     1 |     7 |     1 ||     9
Armor: Scale mail        |    94 |    58 |       ||   152
       Chain mail        |       |   107 |    70 ||   177
Dodge: Dodged            |    47 |    52 |    24 ||   123
Block: Kite shield       |    85 |   117 |    62 ||   264

Table legend:
 A = Non-vault XP
 B = Vault XP
 C = Vault XP percentage of total XP
 D = Non-vault monster count
 E = Vault monster count
 F = Vault count percentage of total count
                 A         B        C        D         E       F
            +---------+---------+-------+---------+---------+-------
      Total |     617 |     448 |  42.1 |      80 |       9 |  10.1
            +---------+---------+-------+---------+---------+-------
        D:1 |      25 |       0 |   0.0 |      15 |       0 |   0.0
        D:2 |      62 |       0 |   0.0 |      20 |       0 |   0.0
        D:3 |     209 |       0 |   0.0 |      24 |       0 |   0.0
        D:4 |     286 |     223 |  43.8 |      19 |       1 |   5.0
        D:5 |      35 |       0 |   0.0 |       2 |       0 |   0.0
    Ossuary |       0 |     225 | 100.0 |       0 |       8 | 100.0
            +---------+---------+-------+---------+---------+-------
